 Dungeon Crawl Stone Soup version 0.18-a0-1677-g2bdad6c (webtiles) character file.

408 seren the Vexing (level 6, -2/41 HPs)
             Began as a Vampire Enchanter on Apr 2, 2016.
             Engulfed by an orc wizard's steam (8 damage)
             ... in the Ecumenical Temple.
             The game lasted 00:35:04 (5359 turns).

seren the Vexing (Vampire Enchanter)                Turns: 5359, Time: 00:35:05

Health: -2/41      AC:  0    Str:  7    XL:     6   Next: 57%
Magic:  2/9        EV: 22    Int: 18    God:
Gold:   94         SH:  0    Dex: 21    Spells: 4 memorised, 1 level left

rFire  . . .     SeeInvis +     (weapon currently unavailable)
rCold  + . .     Gourm    .     (armour currently unavailable)
rNeg   + + .     Faith    .     (shield currently unavailable)
rPois  +         Spirit   .     (helmet currently unavailable)
rElec  .         Dismiss  .     (cloak currently unavailable)
rCorr  .         Reflect  .     (gloves currently unavailable)
SustAt .         Harm     .     (boots currently unavailable)
MR     .....                    (no amulet)
Stlth  ++++......               (ring currently unavailable)
                                (ring currently unavailable)

@: bat-form, flying, regenerating slowly, very quick, not resistant to hostile
enchantments, stealthy
A: fangs 3, see invisible, (unbreathing)
a: End Transformation


You were in the Ecumenical Temple.
You were very thirsty.
You were in vampire-bat-form.
You visited 2 branches of the dungeon, and saw 6 of its levels.

You collected 94 gold pieces.

Inventory:

Hand Weapons
 o - a +0 long sword of flaming
 p - a +3 dagger of electrocution (melded)
Missiles
 e - 169 stones (quivered)
Armour
 b - a +1 robe (melded)
 t - a +2 helmet (melded)
Rods
 w - a +1 rod of ignition (11/11)
   (You found it on level 5 of the Dungeon)
Jewellery
 j - a ring of flight (melded)
 z - a +3 ring of dexterity (melded)
Wands
 i - a wand of flame (17/48)
 r - a wand of confusion (26/48)
Scrolls
 g - 2 scrolls of teleportation
 l - 5 scrolls of identify
 s - 2 scrolls of enchant armour {unknown}
 u - 3 scrolls of remove curse
 x - a scroll of magic mapping
 y - a scroll of recharging {unknown}
Potions
 a - a potion of berserk rage {unknown}
 d - 5 potions of blood
 f - 2 potions of flight {unknown}
 h - 2 potions of heal wounds {unknown}
 k - 5 potions of curing
 m - 3 potions of degeneration {unknown}
 n - a potion of mutation {unknown}
 q - a potion of invisibility {unknown}
 v - a potion of lignification {unknown}
Books
 c - a book of Maledictions

   Spells                             Type                      Level
   a - Corona                         Hexes                        1
   b - Ensorcelled Hibernation        Hexes/Ice                    2
   c - Confuse                        Hexes                        3
   d - Tukima's Dance                 Hexes                        3
   e - Dazzling Spray                 Conjuration/Hexes            3


   Skills:
 + Level 3.7 Short Blades
 - Level 3.3 Dodging
 - Level 6.3 Stealth
 + Level 2.5 Spellcasting
 + Level 7.4 Hexes


You had one spell level left.
You knew the following spells:

 Your Spells              Type           Power        Failure   Level  Hunger
a - Corona                Hex            ####...      1%          1    #......
b - Tukima's Dance        Hex            ####....     2%          3    ###....
c - Confuse               Hex            ####....     2%          3    ###....
e - Ensorcelled Hibernat  Hex/Ice        ###...       8%          2    ##.....


Dungeon Overview and Level Annotations

Branches:
Dungeon (5/15)             Temple (1/1) D:4

Altars:
Cheibriados
Dithmenos
Elyvilon
Gozag
Makhleb
Qazlal
Sif Muna
Trog

Annotations:
D:2 exclusion: downstairs
D:3 Purgy
D:4 George's ghost, weakling MiFi
D:5 Grinder


Innate Abilities, Weirdness & Mutations

You heal slowly.
You have razor-sharp teeth.
You have supernaturally acute eyesight.
((You can survive without breathing.))


Message History

The orc wizard flickers and vanishes for a moment.
The orc wizard gestures wildly while chanting.
The orc wizard blinks!
You turn into a vampire bat.
Your +3 dagger of electrocution melds into your body.
Your +2 helmet melds into your body.
Your +1 robe melds into your body.
Your ring of flight melds into your body.
Your +3 ring of dexterity melds into your body.
Your +3 dagger of electrocution stops crackling.
You feel clumsy.
The orc wizard hits you with a dagger of pain.
The orc wizard casts a spell at you. The magic dart hits you!
* * * LOW HITPOINT WARNING * * *
The orc wizard mumbles some strange words.
The orc wizard blinks!
The orc wizard points at you and mumbles some strange words.
The puff of flame misses you.
You are engulfed in a cloud of scalding steam.
You die...

##≈≈≈.≈≈ ##≈≈≈...≈
##≈≈≈.._..
###############≈≈≈......
#≈≈≈≈≈≈≈≈≈≈≈≈≈≈≈≈......≈
#≈≈§.§......≈≈≈.....≈≈≈
##≈§≈§._...≈≈≈≈....≈≈≈≈
##≈≈§......≈≈≈....≈...
##≈≈b......≈≈≈.......
##≈≈§≈......≈≈≈.....
##§≈§≈≈≈........<..
##≈≈.≈§≈≈≈≈.........
##≈≈....o≈≈≈≈≈≈......
##≈≈................≈.
##≈≈..._.........≈≈≈≈≈.
#≈≈.........≈≈≈≈≈≈≈≈≈..
#≈≈≈≈≈≈≈≈≈≈≈≈≈≈≈≈≈≈≈....


There were no monsters in sight!

Vanquished Creatures
  An ogre (D:4)
  A crimson imp (D:4)
  An orc priest (D:4)
  Crazy Yiuf (D:3)
  Ijyb (D:3)
  Terence (D:2)
  2 worker ants (D:4)
  3 adders
  An adder skeleton (D:4)
  A worm (D:2)
  4 dart slugs
  5 giant geckos
  4 orcs
  7 giant cockroaches
  8 goblins
  10 hobgoblins
  7 quokkas
  2 ball pythons
  6 bats
  5 giant newts
  A jackal zombie (D:5)
  8 kobolds
  9 rats
  A fungus (D:3)
90 creatures vanquished.

Vanquished Creatures (others)
  A dancing weapon (D:2)
  4 toadstools (D:1)
5 creatures vanquished.

Grand Total: 95 creatures vanquished

Notes
Turn   | Place    | Note
--------------------------------------------------------------
     0 | D:1      | seren the Vampire Enchanter began the quest for the Orb.
     0 | D:1      | Reached XP level 1. HP: 13/13 MP: 3/3
   274 | D:1      | Reached XP level 2. HP: 14/19 MP: 5/5
   278 | D:1      | Learned a level 2 spell: Ensorcelled Hibernation
   511 | D:1      | Reached skill level 5 in Hexes
   771 | D:1      | Reached XP level 3. HP: 24/24 MP: 6/6
  1779 | D:2      | Reached skill level 5 in Stealth
  1779 | D:2      | Reached XP level 4. HP: 30/30 MP: 2/7
  1781 | D:2      | Reached skill level 6 in Hexes
  1796 | D:2      | Learned a level 3 spell: Tukima's Dance
  1892 | D:2      | Noticed Terence
  1957 | D:2      | Killed Terence
  2401 | D:3      | Noticed Ijyb
  2404 | D:3      | Killed Ijyb
  2404 | D:3      | Reached XP level 5. HP: 35/35 MP: 8/8
  2414 | D:3      | Found a snail-covered altar of Cheibriados.
  2521 | D:3      | Noticed Purgy
  2909 | D:3      | Noticed Crazy Yiuf
  2915 | D:3      | Killed Crazy Yiuf
  3007 | D:4      | Noticed George's ghost (weakling MiFi)
  3079 | D:4      | Reached skill level 7 in Hexes
  3114 | D:4      | Noticed an ogre
  3126 | D:4      | Killed an ogre
  3126 | D:4      | Reached XP level 6. HP: 31/41 MP: 6/9
  3498 | D:4      | Found a bloodstained altar of Trog.
  3498 | D:4      | Noticed an orc warrior
  3585 | D:5      | Entered Level 5 of the Dungeon
  3671 | D:5      | Identified a +1 rod of ignition (11/11) (You found it on level 5 of the Dungeon)
  3740 | D:5      | Noticed Grinder
  3748 | D:5      | Paralysed by Grinder for 7 turns
  3755 | D:5      | HP: 2/41 [Grinder (3)]
  4437 | D:4      | Found a staircase to the Ecumenical Temple.
  4447 | Temple   | Entered the Ecumenical Temple
  4685 | D:4      | Learned a level 3 spell: Confuse
  5359 | Temple   | Engulfed by an orc wizard's steam

Vault maps used:
D:1:      ldierk_walled_garden_2
D:2:      uniq_terence
D:3:      nicolae_overflow_crystal_walls, uniq_purgy, uniq_crazy_yiuf_cottage,
          uniq_iyjb
D:4:      kennysheep_little_box, trog_eyes_of_draining,
          minmay_temple_entry_large_hall, first_bread, uniq_menkaure
D:5:      grunt_pakellas_salt, roderic_batcave, uniq_grinder
Temple:   hc_temple_tempest_star_small

Skill      XL: |  1  2  3  4  5 |
---------------+----------------+-----
Hexes          | 5 6 7 |  7.4
Short Blades   | 2 3 |  3.7
Stealth        | 5 6 |  6.3
Dodging        | 3 |  3.3
Spellcasting   | |  2.5

Action                   |  1- 3 |  4- 6 || total
-------------------------+-------+-------++-------
Melee: Dagger            |   107 |   106 ||   213
 Cast: Ensorcelled Hiber |    21 |    25 ||    46
       Corona            |     1 |     2 ||     3
       Tukima's Dance    |       |     2 ||     2
 Abil: Bat Form          |       |     1 ||     1
  Use: Scroll            |       |     8 ||     8
       Potion            |       |     4 ||     4
 Stab: Sleeping          |    28 |    21 ||    49
       Distracted        |       |     1 ||     1
